 Dungeon Crawl Stone Soup version 0.27-a0-1248-g57ac2eb73c (webtiles) character file.

Game seed: 12020721229141784063

58 Delamore the Skirmisher (level 4, -1/37 HPs)
             Began as a Formicid Fighter on June 10, 2021.
             Was a Follower of Makhleb.
             Succumbed to a goblin's poison
             ... on level 1 of the Dungeon.
             The game lasted 00:01:46 (1024 turns).

Delamore the Skirmisher (Formicid Fighter)          Turns: 1024, Time: 00:01:46

Health: -1/37      AC:  6    Str: 22    XL:     4   Next: 21%
Magic:  1/4        EV:  8    Int:  7    God:    Makhleb [*.....]
Gold:   21         SH:  9    Dex: 10    Spells: 3/3 levels left

rFire    . . .     SeeInvis +   a - +0 trident
rCold    . . .     Faith    .   c - +0 kite shield
rNeg     . . .     Spirit   +   b - +0 scale mail
rPois    .         Reflect  .   (helmet unavailable)
rElec    .         Harm     .   (no cloak)
rCorr    .         Rampage  .   (no gloves)
Will     .....                  (no boots)
Stlth    ..........             g - amulet of guardian spirit
HPRegen  0.12/turn              (no ring)
MPRegen  0.09/turn              (no ring)

@: mighty, lethally poisoned (-1 -> -9), flying
A: permanent stasis, dig shafts and tunnels, antennae 3, four strong arms
a: Dig, Shaft Self, Renounce Religion


You were on level 1 of the Dungeon.
You worshipped Makhleb.
Makhleb was aware of your devotion.
You visited 1 branch of the dungeon, and saw 2 of its levels.

You collected 69 gold pieces.
You spent 48 gold pieces at shops.

Inventory:

Hand Weapons
 a - a +0 trident (weapon)
Armour
 b - a +0 scale mail (worn)
 c - a +0 kite shield (worn)
Jewellery
 g - an amulet of guardian spirit (around neck)
Scrolls
 j - a scroll of identify
 k - a scroll of amnesia {unknown}
Potions
 f - a potion of lignification
 h - a potion of degeneration
 i - a potion of flight


   Skills:
 + Level 4.0 Fighting
 * Level 3.6 Polearms
 - Level 3.2 Armour
 - Level 3.6 Shields


You had 3 spell levels left.
You didn't know any spells.
Your spell library was empty.

Dungeon Overview and Level Annotations

Branches:
Dungeon (2/15)

Altars:
Makhleb

Shops:
D:1 *

Annotations:
D:2 Robin


Innate Abilities, Weirdness & Mutations

You cannot be hasted, slowed, berserked, paralysed or teleported.
You can dig through walls and to a lower floor.
You have a pair of large antennae on your head. (SInv)
Your four strong arms can wield two-handed weapons with a shield.


Message History

You are too injured to fight recklessly!
You closely miss the hobgoblin.
* * * LOW HITPOINT WARNING * * *
You feel very sick. The hobgoblin barely misses you.
You block the goblin's attack.
You extend your mandibles.
You dig through the rock wall.
You feel sick. The hobgoblin hits you.
* * * LOW HITPOINT WARNING * * *
You can't dig through that.
You feel better. The hobgoblin hits you.
* * * LOW HITPOINT WARNING * * *
You block the goblin's attack.
You extend your mandibles.
You dig through the rock wall.
The hobgoblin hits you.
* * * LOW HITPOINT WARNING * * *
You retract your mandibles.
You extend your mandibles.
You dig through the rock wall.
You dig through the rock wall.
The goblin hits you but does no damage.
You are poisoned.
You can't dig through that.
It was a potion of flight.
You feel very buoyant.
You fly up into the air.
* * * LOW HITPOINT WARNING * * *
You feel sick. You block the goblin's attack.
You feel very mighty all of a sudden.
You feel sick.
The goblin no longer looks unusually strong.
The goblin hits you with a +0 dagger of venom.
* * * LOW HITPOINT WARNING * * *
You are more poisoned.
You puncture the goblin!
You kill the goblin!
Makhleb accepts your kill.
* * * LOW HITPOINT WARNING * * *
You feel very sick.
You hit the goblin.
The goblin is severely wounded.
You die...

#....#...........# #..
#....#.#########.# #..
#..............#.#####..
#.....#######..#.#......
####)#########...#......
#>##<.'.####.........
#..#..#...###.#......
#g.####'#####.#......
###g@#...#≈8#.#......
#PPP#.♣.#≈.#.#......
#P⌠P#...#≈.#........
#P.P##''#..#########
#..........# ##
##.########†# #. #.....#
#.# #. #.....#####.# #.
#.........#.###### #.


You could see a hobgoblin (strong) and a goblin.

Vanquished Creatures
  A gnoll (D:1)
  6 ball pythons
  4 endoplasms (D:1)
  4 giant cockroaches
  3 goblins (D:1)
  10 hobgoblins (D:1)
  3 quokkas
  3 bats (D:1)
  7 frilled lizards
  4 rats (D:1)
45 creatures vanquished.

Notes
Turn   | Place    | Note
-------+----------+-------------------------------------------
     0 | D:1      | Delamore the Formicid Fighter began the quest for the Orb.
     0 | D:1      | Reached XP level 1. HP: 18/18 MP: 1/1
    77 | D:1      | Reached XP level 2. HP: 24/24 MP: 2/2
   306 | D:1      | Reached XP level 3. HP: 29/29 MP: 3/3
   313 | D:1      | Found Inuasux's General Store.
   340 | D:1      | Bought a potion of curing for 36 gold pieces
   424 | D:1      | Found a faded altar of an unknown god.
   441 | D:1      | Became a worshipper of Makhleb the Destroyer
   441 | D:1      | Reached * piety under Makhleb
   873 | D:1      | Bought a potion of degeneration for 12 gold pieces
   951 | D:2      | Reached XP level 4. HP: 37/37 MP: 4/4
   960 | D:2      | Noticed Robin
   993 | D:1      | Reached skill level 4 in Fighting
  1023 | D:1      | HP: 1/37 [poisoned by a goblin]
  1024 | D:1      | Succumbed to a goblin's poison

Illustrated notes

Levels and vault maps discovered:
D:1:      sevenhm_arrival_forest_fort_small_3, layout_basic,
          ebering_ecumenical_altar_webs, serial_shops, shop,
          minmay_stone_trees_small
D:2:      layout_rooms, uniq_robin

Skill      XL: |  1  2  3  4 |
---------------+-------------+-----
Polearms       | 3 |  3.6
Fighting       | 4 |  4.0
Armour         | |  3.2
Shields        | |  3.6

Action                   |  1- 3 |  4- 6 || total
-------------------------+-------+-------++-------
Melee: Trident           |    93 |    25 ||   118
 Abil: Dig               |       |     4 ||     4
  Use: Scroll            |     1 |       ||     1
       Potion            |       |     3 ||     3
Armor: Scale mail        |    29 |    13 ||    42
Dodge: Dodged            |    18 |    10 ||    28
Block: Kite shield       |    41 |    27 ||    68

Table legend: (Time is in decaauts)
 A = Elapsed time spent in this place.
 B = Non-inter-level travel time spent in this place.
 C = Inter-level travel time spent in this place.
 D = Time resting spent in this place.
 E = Time spent auto-exploring this place.
 F = Levels seen in this place.
 G = Mean time per level.
                   A        B        C        D        E       F      G
               +--------+--------+--------+--------+--------+-----+--------+
         Total |   1066 |   1002 |     64 |      5 |    704 |   2 |  533.0 |
       Dungeon |   1066 |   1002 |     64 |      5 |    704 |   2 |  533.0 |
               +--------+--------+--------+--------+--------+-----+--------+

Top non-repeatable levels by time:
     D:1: 954 daAuts
     D:2: 112 daAuts
